 Dungeon Crawl Stone Soup version 0.31-a0-246-g8cbcc1cb85 (webtiles) character file.

Game seed: 15692118918557504035

56 qw the Shooter (level 3, -2/21 HPs)
             Began as a Gargoyle Hexslinger on July 12, 2023.
             Slain by a gnoll
             ... wielding a +0 spear
             ... led by a gnoll bouda
              (5 damage)
             ... on level 3 of the Dungeon.
             The game lasted 00:00:31 (1684 turns).

qw the Shooter (Gargoyle Hexslinger)                Turns: 1684, Time: 00:00:31

Health: -2/21      AC: 10    Str: 11    XL:     3   Next: 95%
Magic:  4/4        EV: 10    Int: 13    God:
Gold:   174        SH:  0    Dex: 14    Spells: 3/4 levels left

rFire   . . .        Y - +1 sling
rCold   . . .        (no shield)
rNeg    + . .        a - +0 ring mail
rPois   inf          (no helmet)
rElec   +            h - +1 cloak
rCorr   .            (no gloves)
SInv    .            (no boots)
Will    .....        (no amulet)
Stlth   +            (no ring)
HPRegen 0.23/turn    (no ring)
MPRegen 0.09/turn

%: no passive effects
@: about to teleport, weakened
A: sickness immunity, AC +3, negative energy resistance 1, electricity
resistance, torment resistance 1, petrification resistance
a: no special abilities


You were on level 3 of the Dungeon.
You visited 1 branch of the dungeon, and saw 3 of its levels.

You collected 174 gold pieces.


Innate Abilities, Weirdness & Mutations

You are immune to sickness and miasma.
Your stone body is resilient. (AC +3)
You are immune to poison.
You resist negative energy. (rN+)
You are resistant to electric shocks. (rElec)
You are resistant to unholy torment.
You are immune to petrification.


   Skills:
 - Level 2.0 Fighting
 + Level 3.5 Ranged Weapons
 - Level 1.0 Armour
 - Level 1.5 Dodging
 - Level 1.0 Spellcasting
 - Level 2.6 Hexes


You had 3 spell levels left.
You knew the following spells:

 Your Spells              Type           Power      Damage    Failure   Level
a - Slow                  Hex            28%        N/A       22%         1

Your spell library contained the following spells:

 Spells                   Type           Power      Damage    Failure   Level
 Inner Flame              Hex/Fire       4%         N/A       75%         3
 Portal Projectile        Hex/Tloc       8%         N/A       75%         3
 Cause Fear               Hex            3%         N/A       91%         4

Inventory:

Hand Weapons
 Y - a +1 sling (weapon)
Armour
 a - a +0 ring mail (worn)
 h - a +1 cloak (worn)
Scrolls
 b - a scroll of identify {unknown}
Potions
 c - a potion of magic {unknown}
 d - a potion of curing {unknown}

Dungeon Overview and Level Annotations

Branches:
Dungeon (3/15)

Altars:


Message History

The gnoll bouda hits you but does no damage.
A gnoll comes into view. It is wielding a +0 spear.
Your Armour skill increases to level 1!
You shoot a sling bullet.
The sling bullet hits the gnoll bouda but does no damage.
The gnoll bouda is lightly wounded.
The gnoll bouda closely misses you.
You shoot a sling bullet.
The sling bullet barely misses the gnoll bouda.
The sling bullet closely misses the gnoll.
The gnoll bouda gazes fiercely through you!
You feel as though you will be weak longer.
The gnoll bouda hits you with a +0 whip!
The gnoll bouda barely misses you. The gnoll barely misses you.
You shoot a sling bullet.
The sling bullet hits the gnoll bouda but does no damage.
The gnoll bouda is lightly wounded.
A rat comes into view.
The gnoll barely misses you.
The gnoll bouda gazes fiercely through you!
You feel as though you will be weak longer.
The gnoll bouda closely misses you.
You shoot a sling bullet. The sling bullet hits the gnoll bouda.
The gnoll bouda is lightly wounded.
The gnoll hits you but does no damage.
The gnoll bouda hits you but does no damage.
You shoot a sling bullet.
The sling bullet barely misses the gnoll bouda.
The sling bullet hits the gnoll.
The gnoll is heavily wounded.
The gnoll closely misses you.
The gnoll bouda hits you with a +0 whip.
The gnoll hits you from afar with a +0 spear.
The gnoll bouda barks out a call to the hunt!
The gnoll picks up the pace!
1684 ||| READING scroll of teleportation.
As you read the scroll of teleportation, it crumbles to dust.
You feel strangely unstable.
The gnoll hits you from afar with a +0 spear.
You die...

#. ##. #. ..# #.
#.# #. #.# #. #.#
#. #.# #.######.#
#.<......#####..##
########..@ggr....
#.######### #.#
#.# #.# #.. ###


You could see a gnoll bouda, a gnoll (swift) and a rat.

Vanquished Creatures
  A gnoll (D:3)
  A dart slug (D:1)
  4 orcs (D:2)
  2 ball pythons
  5 endoplasms (D:1)
  A giant cockroach (D:1)
  4 goblins
  2 hobgoblins
  3 quokkas
  4 bats
  3 frilled lizards (D:1)
  3 kobolds (D:1)
  4 rats (D:1)
37 creatures vanquished.

Notes
Turn   | Place    | Note
-------+----------+-------------------------------------------
     0 | D:1      | qw the Gargoyle Hexslinger began the quest for the Orb.
     0 | D:1      | Reached XP level 1. HP: 12/12 MP: 2/2
     0 | D:1      | 0 ||| qw: Version: 0.3-a-52-g30416fa
     0 | D:1      | 0 ||| qw: Game counter: 6398
     0 | D:1      | 0 ||| qw: Melee chars always use a shield: true
     0 | D:1      | 0 ||| qw: God list: Okawaru
     0 | D:1      | 0 ||| qw: Allow faded altars: false
     0 | D:1      | 0 ||| qw: Do Orc after clearing Dungeon:15 true
     0 | D:1      | 0 ||| qw: Do second Lair branch before Depths: true
     0 | D:1      | 0 ||| qw: Lair rune preference: random
     0 | D:1      | 0 ||| qw: Goals: Normal
     0 | D:1      | 0 ||| PLANNING D:1-11
    90 | D:1      | Reached XP level 2. HP: 16/16 MP: 3/3
   138 | D:1      | Reached skill level 3 in Ranged Weapons
   433 | D:1      | Reached XP level 3. HP: 21/21 MP: 4/4
   676 | D:1      | 676 ||| UPGRADING to +0 leather armour.
   686 | D:1      | 686 ||| DROPPING +0 robe.
   687 | D:1      | 687 ||| UPGRADING to +1 cloak.
   692 | D:1      | 692 ||| DROPPING ring of wizardry.
   693 | D:1      | 693 ||| READING scroll labelled DELYDA XOFUFRO.
   694 | D:1      | 694 ||| READING scroll labelled UMO VAFODI.
   697 | D:1      | 697 ||| DROPPING scroll of poison.
  1605 | D:2      | 1605 ||| UPGRADING to +0 ring mail.
  1615 | D:2      | 1615 ||| DROPPING +0 leather armour.
  1616 | D:2      | 1616 ||| READING scroll labelled ATYDEFF ICRU.
  1617 | D:2      | 1617 ||| READING scroll labelled FIOWNU NIQEA.
  1679 | D:3      | Reached skill level 1 in Armour
  1683 | D:3      | HP: 3/21 [gnoll/+0 spear[a gnoll bouda] (6)]
  1684 | D:3      | 1684 ||| READING scroll of teleportation.
  1684 | D:3      | Slain by a gnoll

Levels and vault maps discovered:
D:1:      amcnicky_arrival_wind_blow, layout_basic, hangedman_decor_growths
D:2:      wad_lake_hut, layout_loops_ring, amcnicky_mini_pool_small,
          minmay_misc_feat_rows, grunt_decor_junction
D:3:      gammafunk_steamed_eel, layout_loops_ring, led_sif_book,
          hangedman_decor_peaks_small, kennysheep_potato

Skill      XL: |  1  2  3 |
---------------+----------+-----
Ranged Weapons | 3 |  3.5
Fighting       | 2 |  2.0
Armour         | 1 |  1.0
Dodging        | |  1.5
Spellcasting   | |  1.0
Hexes          | |  2.6

Action                     || total
---------------------------++-------
   Fire: Sling             ||   108
    Use: Scroll            ||     5
 Armour: Robe              ||     4
         Ring mail         ||     4
         Leather armour    ||     3
  Dodge: Dodged            ||    29

Table legend:
 A = Non-vault XP
 B = Vault XP
 C = Vault XP percentage of total XP
 D = Non-vault monster count
 E = Vault monster count
 F = Vault count percentage of total count
                 A         B        C        D         E       F
            +---------+---------+-------+---------+---------+-------
      Total |      80 |       0 |   0.0 |      37 |       0 |   0.0
            +---------+---------+-------+---------+---------+-------
        D:1 |      42 |       0 |   0.0 |      26 |       0 |   0.0
        D:2 |      24 |       0 |   0.0 |      10 |       0 |   0.0
        D:3 |      14 |       0 |   0.0 |       1 |       0 |   0.0
            +---------+---------+-------+---------+---------+-------
